 Dungeon Crawl Stone Soup version 0.27.1-34-g3ba077fa99 (webtiles) character file.

Game seed: 8066070567944799638

1115 Descartes the Ducker (level 8, -2/37 HPs)
             Began as a Spriggan Wanderer on Jan 6, 2022.
             Engulfed by a steam dragon's steam (5 damage)
             ... on level 7 of the Dungeon.
             The game lasted 00:14:10 (7570 turns).

Descartes the Ducker (Spriggan Wanderer)            Turns: 7570, Time: 00:14:11

Health: -2/37      AC:  4    Str:  8    XL:     8   Next: 12%
Magic:  10/16      EV: 20    Int: 13    God:
Gold:   327        SH:  0    Dex: 17    Spells: 16/17 levels left

rFire    . . .     SeeInvis +   a - +4 short sword
rCold    . . .     Faith    .   (shield restricted)
rNeg     . . .     Spirit   .   w - +0 robe "Kekonis" {rElec rPois}
rPois    +         Reflect  .   l - +2 hat
rElec    +         Harm     .   (no cloak)
rCorr    .         Rampage  .   (gloves unavailable)
Will     ++...                  (boots unavailable)
Stlth    ++........             (no amulet)
HPRegen  0.12/turn              z - ring of willpower
MPRegen  0.15/turn              (no ring)

@: very quick
A: very small, no large weapons, unfitting armour, see invisible, speed 3
a: no special abilities


You were on level 7 of the Dungeon.
You visited 2 branches of the dungeon, and saw 8 of its levels.

You collected 327 gold pieces.

Inventory:

Hand Weapons
 a - a +4 short sword (weapon)
 b - a +0 hunting sling
 d - a +2 spear of venom
 v - a +1 dagger of pain
 y - a +0 rapier
Missiles
 g - 48 sling bullets
 h - 122 stones (quivered)
 m - 32 arrows
 C - 11 poisoned darts
Armour
 e - a +0 buckler
 l - a +2 hat (worn)
 w - the +0 robe "Kekonis" (worn) {rElec rPois}
   (You found it on level 4 of the Dungeon)

   rElec:     It insulates you from electricity.
   rPois:     It protects you from poison.
Jewellery
 z - a ring of willpower (left hand)
 D - a ring of poison resistance
Wands
 A - a wand of acid (8)
 H - a wand of flame (24)
Scrolls
 i - a scroll of identify {unknown}
 n - a scroll of noise {unknown}
 o - 5 scrolls of teleportation {unknown}
 r - a scroll of amnesia {unknown}
 s - 2 scrolls of vulnerability {unknown}
 t - a scroll of blinking {unknown}
 u - a scroll of enchant weapon {unknown}
 x - 3 scrolls of enchant armour {unknown}
 E - a scroll of silence {unknown}
 G - a scroll of immolation {unknown}
Potions
 c - 3 potions of lignification
 f - 4 potions of attraction {unknown}
 j - a potion of berserk rage {unknown}
 k - a potion of cancellation {unknown}
 p - a potion of brilliance {unknown}
 q - 3 potions of curing
 F - 2 potions of heal wounds {unknown}
Miscellaneous
 B - a piece from Xom's chessboard (15/15)


   Skills:
 - Level 1.5 Fighting
 + Level 4.6 Short Blades
 + Level 6.1 Dodging
 - Level 3.0 Stealth
 + Level 1.5 Shields
 - Level 1.0 Unarmed Combat
 - Level 5.0 Spellcasting
 + Level 2.9 Conjurations
 + Level 3.2 Fire Magic
 - Level 1.3 Evocations


You had 16 spell levels left.
You knew the following spells:

 Your Spells              Type           Power      Damage    Failure   Level
a - Foxfire               Conj/Fire      44%        2x1d6     5%          1

Your spell library contained the following spells:

 Spells                   Type           Power      Damage    Failure   Level
 Conjure Flame            Conj/Fire      11%        6-21      16%         3
 Beastly Appendage        Tmut           6%         N/A       19%         1
 Wereblood                Tmut           3%         N/A       28%         2
 Inner Flame              Hex/Fire       7%         N/A       28%         3
 Spider Form              Tmut/Pois      1%         N/A       50%         3
 Summon Guardian Golem    Hex/Summ       3%         N/A       50%         3
 Orb of Destruction       Conj           5%         9d2       100%        7
 Spellforged Servitor     Conj/Summ      3%         N/A       100%        7
 Borgnjor's Revivificati  Necr           1%         N/A       100%        8
 Necromutation            Tmut/Necr      1%         N/A       100%        8
 Death's Door             Necr           1%         N/A       100%        9


Dungeon Overview and Level Annotations

Branches:
Dungeon (7/15)             Temple (1/1) D:5

Altars:
Cheibriados
Dithmenos
Elyvilon
Fedhas
Hepliaklqana
Kikubaaqudgha
Makhleb
Nemelex Xobeh
Okawaru
Qazlal
Ru
Sif Muna
Uskayaw
Vehumet
Wu Jian
Xom
Yredelemnul
Zin
The Shining One


Innate Abilities, Weirdness & Mutations

You are very small and have problems with some larger weapons.
You are too small for most types of armour.
You have supernaturally acute eyesight. (SInv)
You cover ground extremely quickly. (Speed+++)


Message History

The foxfire hits the orc priest but does no damage.
The foxfire hits the steam dragon.
The steam dragon is lightly wounded.
Casting: Foxfire (safe; 5% risk of failure)
Confirm with . or Enter, or press ? or * to list all spells.
You conjure some foxfire!
An orc comes into view. It is wielding a +0 war axe.
A gnoll comes into view. It is wielding a +0 flail.
Unknown command.
Casting: Foxfire (safe; 5% risk of failure)
Confirm with . or Enter, or press ? or * to list all spells.
You conjure some foxfire!
The foxfire hits the gnoll.
The gnoll is moderately wounded.
The foxfire hits the steam dragon.
The steam dragon is lightly wounded.
The steam dragon breathes steam at you. The ball of steam hits your foxfire.
Your foxfire resists.
The ball of steam hits you!!
Ouch! That really hurt!
The foxfire hits the gnoll but does no damage.
The gnoll is moderately wounded.
The foxfire hits the gnoll.
The gnoll is heavily wounded.
You hear a shout!
Casting: Foxfire (safe; 5% risk of failure)
Confirm with . or Enter, or press ? or * to list all spells.
You conjure some foxfire!
You are engulfed in a cloud of scalding steam.
* * * LOW HITPOINT WARNING * * *
The foxfire hits the steam dragon.
The steam dragon is moderately wounded.
A gnoll sergeant comes into view. It is wielding a +0 spear.
The foxfire hits the gnoll but does no damage.
The gnoll is heavily wounded.
Casting: Foxfire (safe; 5% risk of failure)
Confirm with . or Enter, or press ? or * to list all spells.
You conjure some foxfire!
You are engulfed in a cloud of scalding steam.
You die...

#....## #...
##.....####...#
##............# .
##.............# ..
#....<.........## g..
#............^..# )o..
##.............#
##.D...
########......##vg.....
#..........).v@v§.....
#.#########.>.§v§..>..
##..........
#.......... ###.###....
### ..#. #.. #.


You could see a steam dragon (catching breath), a gnoll sergeant, a gnoll (ally
target) and an orc.

Vanquished Creatures
  2 black bears
  A sky beast (D:6)
  An ogre (D:3)
  A phantom (D:7)
  A kobold brigand (D:6)
  A scorpion (D:5)
  2 bullfrog zombies
  2 centaur zombies
  2 jellies
  A gnoll shaman (D:4)
  2 iguanas
  A hound skeleton (D:5)
  7 adders
  9 gnolls
  3 white imps
  A worm (D:2)
  2 dart slugs
  5 orcs
  7 ball pythons
  2 bats (D:2)
  6 endoplasms
  9 giant cockroaches
  6 goblins
  6 hobgoblins
  5 jackals (D:2)
  5 quokkas
  A frilled lizard (D:2)
  10 kobolds
  7 rats
108 creatures vanquished.

Vanquished Creatures (collateral kills)
  A foxfire (D:2)
1 creature vanquished.

Vanquished Creatures (others)
  An ufetubus (D:6)
  617 foxfires
618 creatures vanquished.

Grand Total: 727 creatures vanquished

Notes
Turn   | Place    | Note
-------+----------+-------------------------------------------
     0 | D:1      | Descartes the Spriggan Wanderer began the quest for the
                  | Orb.
     0 | D:1      | Descartes set off with the following items: a +2 short
                  | sword, a potion of curing, a potion of lignification, a +0
                  | robe, a +0 dagger
     0 | D:1      | Reached XP level 1. HP: 10/10 MP: 2/2
    92 | D:1      | Reached skill level 2 in Dodging
   420 | D:1      | Reached skill level 1 in Spellcasting
   421 | D:1      | Reached XP level 2. HP: 14/14 MP: 4/4
   469 | D:1      | Learned a level 1 spell: Foxfire
   797 | D:2      | Found a faded altar of an unknown god.
   833 | D:2      | Reached XP level 3. HP: 18/18 MP: 6/6
   851 | D:2      | Reached skill level 3 in Dodging
  1419 | D:2      | Reached skill level 1 in Conjurations
  1419 | D:2      | Reached skill level 1 in Fire Magic
  1419 | D:2      | Reached XP level 4. HP: 22/22 MP: 1/8
  1982 | D:3      | Found a sparkling altar of Nemelex Xobeh.
  2332 | D:3      | Found a glowing golden altar of the Shining One.
  2559 | D:3      | Found a shimmering altar of Xom.
  2584 | D:3      | Reached XP level 5. HP: 25/25 MP: 1/10
  2701 | D:3      | Noticed an ogre
  2729 | D:3      | Killed an ogre
  2730 | D:3      | Reached skill level 4 in Dodging
  3050 | D:3      | Reached XP level 6. HP: 21/30 MP: 0/12
  4064 | D:4      | Identified the +0 robe "Kekonis" {rElec rPois}
  4500 | D:4      | Found a snail-covered altar of Cheibriados.
  4596 | D:5      | Entered Level 5 of the Dungeon
  4839 | D:5      | Reached skill level 5 in Dodging
  5136 | D:5      | Found a staircase to the Ecumenical Temple.
  5149 | Temple   | Entered the Ecumenical Temple
  5255 | D:5      | Reached XP level 7. HP: 26/33 MP: 7/14
  6375 | D:6      | Reached skill level 1 in Shields
  7025 | D:6      | Reached XP level 8. HP: 37/37 MP: 12/16
  7244 | D:6      | Found a shimmering blue altar of Sif Muna.
  7245 | D:6      | Found a burning altar of Makhleb.
  7391 | D:7      | Reached skill level 6 in Dodging
  7391 | D:7      | Reached skill level 5 in Spellcasting
  7570 | D:7      | Engulfed by a steam dragon's steam

Illustrated notes

Levels and vault maps discovered:
D:1:      lemuel_arrival_tunnels, layout_basic, minmay_indecisive_spiral
D:2:      layout_rooms, ebering_ecumenical_altar_rust, nrook_loot_triangle,
          hangedman_decor_lopped
D:3:      layout_basic, lemuel_tele_altar, mainiacjoe_overflow_brackets,
          lemuel_doored_altar
D:4:      layout_rooms, lemuel_coloured_pillars_altar
D:5:      layout_loops_ring, minmay_temple_entry_ruins, minmay_misc_feat_rugged,
          st_stairs_1, hangedman_decor_opposing, feat_on_display
D:6:      layout_loops_cross, gammafunk_temple_overflow_pools,
          hellmonk_bongcloud_opening
D:7:      gammafunk_steamed_eel, layout_layer_cave, serial_shops,
          nicolae_diamond_shop, chequers_serial_rivers_small_3, uniq_harold
Temple:   cyrus_circular_temple

Skill      XL: |  1  2  3  4  5  6  7  8 |
---------------+-------------------------+-----
Dodging        | 2 3 4 5 6 |  6.1
Spellcasting   | 1 2 3 4 5 |  5.0
Conjurations   | 1 2 |  2.9
Fire Magic     | 1 2 3 |  3.2
Short Blades   | 4 |  4.6
Shields        | 1 |  1.5
Fighting       | |  1.5
Stealth        | |  3.0
Unarmed Combat | |  1.0
Evocations     | |  1.3

Action                   |  1- 3 |  4- 6 |  7- 9 || total
-------------------------+-------+-------+-------++-------
Melee: Short sword       |    95 |    59 |    15 ||   169
 Cast: Foxfire           |    29 |   198 |   132 ||   359
Evoke: Piece from Xom's  |       |       |     1 ||     1
 Stab: Sleeping          |     4 |       |       ||     4
       Distracted        |       |     1 |       ||     1
Armor: Robe              |     9 |    10 |     8 ||    27
Dodge: Dodged            |    82 |    68 |    49 ||   199
